Map: Tourmaline LE

Players

pupsikUA - Winner!

  • Race: Protoss Protoss
  • League: Diamond
  • Spawn Location: 1:00

HoldTheDoor

  • Race: Protoss Protoss
  • League: Diamond
  • Spawn Location: 7:00

VOD

Have the link to the VOD?

Description

Time

  • Played on: May 1, 2026, 11:48 a.m.
  • Length: 3:17
Show
View Real Time Build Order
Export as new Build Order

pupsikUA Protoss - Winner!

Build Orders:  

Get SALT Encoding   

  1  0:00  Probe  
  12  0:05  Probe  
  14  0:19  Pylon  
  15  0:21  Probe  
  15  0:37  Probe  
  15  0:39  Gateway  
  16  0:49  Probe  
  17  0:54  Assimilator  
  17  0:58  Forge  
  17  1:01  Probe  
  18  1:13  Probe  
  18  1:17  Pylon  
  19  1:19  Zealot  
  19  1:27  Pylon  
  21  1:33  Probe  
  22  1:41  Pylon  
  22  1:45  Zealot  
  22  1:46  Probe  
  24  2:12  Zealot  
  26  2:16  Pylon  
  26  2:21  Pylon  
  26  2:28  Pylon  
  26  2:36  Photon Cannon  
  26  2:43  Photon Cannon  
  26  2:46  Photon Cannon x2  
  26  2:50  Pylon  
  24  3:04  Cybernetics Core  
Show
View Real Time Build Order
Export as new Build Order

HoldTheDoor Protoss 

Build Orders:  

Get SALT Encoding   

  12  0:00  Probe  
  13  0:12  Probe  
  14  0:19  Pylon  
  14  0:24  Probe  
  15  0:33  Probe  
  15  0:39  Gateway  
  15  0:41  Probe  
  17  0:54  Assimilator  
  17  0:55  Probe  
  18  1:03  Assimilator  
  18  1:07  Probe  
  19  1:14  Assimilator  
  19  1:19  Probe  
  20  1:31  Probe  
  21  1:37  Cybernetics Core  
  21  1:47  Probe  
  22  2:00  Probe  
  23  2:05  Pylon  
  23  2:12  Stalker  
  23  2:23  Probe  
  26  2:31  Stalker  
  26  2:35  Probe  
  26  2:36  Pylon  
  24  3:13  Shield Battery  
Tags
 
Matchup
PvP
Replay Pack
SC2Mai2026
Spawn Locations
Cross Positions
Add a new tag
Caveats
  • Supply blocks, unpowered buildings, or Contaminate may cause inaccurate times.
  • Supply counts are checked every 10 seconds.